 Dungeon Crawl Stone Soup version 0.29.1-1-gd02db6906a (webtiles) character file.

Game seed: 13875537455686621751

268 xian the Shooter (level 6, -3/32 HPs)
             Began as a Spriggan Hunter on Sept 28, 2022.
             Slain by an orc
             ... wielding a +0 hand axe
              (6 damage)
             ... on level 4 of the Dungeon.
             The game lasted 00:05:37 (3526 turns).

xian the Shooter (Spriggan Hunter)                  Turns: 3526, Time: 00:05:38

Health: -3/32      AC:  4    Str:  9    XL:     6   Next: 0%
Magic:  7/7        EV: 18    Int: 11    God:
Gold:   149        SH:  0    Dex: 18    Spells: 5/5 levels left

rFire   . . .      SeeInvis +   p - +0 short sword (venom)
rCold   . . .      Faith    .   (no shield)
rNeg    . . .      Spirit   .   c - +0 robe
rPois   .          Reflect  .   (helmet restricted)
rElec   .          Harm     .   g - +1 cloak
rCorr   .          Rampage  .   (gloves unavailable)
Will    +....                   (boots unavailable)
Stlth   ++........              (no amulet)
HPRegen 0.10/turn               (no ring)
MPRegen 0.10/turn               (no ring)

@: very quick
A: very small, no large weapons, unfitting armour, see invisible, speed 3
a: no special abilities


You were on level 4 of the Dungeon.
You visited 1 branch of the dungeon, and saw 4 of its levels.

You collected 149 gold pieces.

Inventory:

Hand Weapons
 a - a +0 shortbow
 p - a +0 short sword of venom (weapon)
Armour
 c - a +0 robe (worn)
 g - a +1 cloak (worn)
Wands
 m - a wand of paralysis (11)
Scrolls
 b - a scroll of immolation
 h - 2 scrolls of amnesia {unknown}
 i - a scroll of fear
 j - 2 scrolls of poison
 n - 2 scrolls of enchant armour
 o - 2 scrolls of teleportation
 q - a scroll of torment {unknown}
Potions
 d - 2 potions of heal wounds {unknown}
 e - 2 potions of might {unknown}
 f - 3 potions of curing {unknown}
 k - a potion of brilliance {unknown}
 l - a potion of lignification


   Skills:
 + Level 2.7 Fighting
 + Level 6.6 Ranged Weapons
 + Level 2.9 Dodging
 + Level 1.8 Stealth


You had 5 spell levels left.
You didn't know any spells.
Your spell library was empty.

Dungeon Overview and Level Annotations

Branches:
Dungeon (4/15)
 Temple: D:4-7

Altars:
Hepliaklqana
Okawaru

Shops:
D:2 :


Innate Abilities, Weirdness & Mutations

You are very small and have problems with some larger weapons.
You are too small for most types of armour.
You have supernaturally acute eyesight. (SInv)
You cover ground extremely quickly. (Speed+++)


Message History

Aim: an orc warrior, wielding a +0 short sword and wearing a +0 chain mail (severely wounded, 62% to hit)
You shoot an arrow. The arrow hits the orc warrior.
The orc warrior is almost dead.
Fire: a) +0 shortbow
Press: ? - help, Q - select action, (/) - cycle Shift-Dir - straight line, f/p - orc warrior
Aim: an orc warrior, wielding a +0 short sword and wearing a +0 chain mail (almost dead, 62% to hit)
You shoot an arrow. The arrow hits the orc warrior.
The orc warrior is almost dead.
Unknown command.
Fire: a) +0 shortbow
Press: ? - help, Q - select action, (/) - cycle Shift-Dir - straight line, f/p - orc warrior
Aim: an orc warrior, wielding a +0 short sword and wearing a +0 chain mail (almost dead, 62% to hit)
You shoot an arrow.
The arrow barely misses the orc warrior.
There is a stone staircase leading up here.
Fire: a) +0 shortbow
Press: ? - help, Q - select action, (/) - cycle Shift-Dir - straight line, f/p - orc warrior
Aim: an orc warrior, wielding a +0 short sword and wearing a +0 chain mail (almost dead, 62% to hit)
You shoot an arrow. The arrow hits the orc warrior.
The orc warrior is almost dead.
Your +0 short sword of venom begins to drip with poison!
p - a +0 short sword of venom (weapon)
The orc warrior closely misses you.
Unknown command.
You closely miss the orc warrior.
The orc warrior is almost dead.
The orc warrior hits you but does no damage.
The orc wizard hits you with a +0 dagger.
Unknown command.
You hit the orc warrior.
The orc warrior is poisoned.
The orc warrior is almost dead.
The orc wizard barely misses you.
The orc warrior hits you with a +0 short sword.
Unknown command.
The orc warrior hits you with a +0 short sword!
* * * LOW HITPOINT WARNING * * *
The orc wizard hits you with a +0 dagger.
* * * LOW HITPOINT WARNING * * *
The orc hits you with a +0 hand axe.
You die...

#.##........#...##.####.#
#.##..#..................
#.##..#...^...........#.#
o.)o..o.........#.......#...#.#
#######(##..##.........#.#.....
#.##..##..#.#...#._.#.#.# ###
.......#.)..#.#....#
####.##.o.##..)).#......
.......@o.......)......#
......##o.........##.### .####
#..#........#.##.
.##.##..#.†......#.##.
.........[.........##.
....##..#.............
....................#.
.................##.#.
..#.##..#.#...........


You could see an orc warrior (very poisoned), an orc wizard and an orc.

Vanquished Creatures
  An ogre (D:4)
  A hound (D:3)
  An orc priest (D:4)
  3 adders
  4 worms
  A dart slug (D:1)
  5 orcs
  9 endoplasms
  4 giant cockroaches
  2 goblins (D:3)
  13 hobgoblins
  4 jackals (D:1)
  6 kobolds
  2 quokkas
  8 ball pythons
  4 bats
  4 frilled lizards
  2 rats (D:1)
74 creatures vanquished.

Vanquished Creatures (others)
  2 plants (D:3)
2 creatures vanquished.

Grand Total: 76 creatures vanquished

Notes
Turn   | Place    | Note
-------+----------+-------------------------------------------
     0 | D:1      | xian the Spriggan Hunter began the quest for the Orb.
     0 | D:1      | Reached XP level 1. HP: 10/10 MP: 2/2
   240 | D:1      | Reached XP level 2. HP: 14/14 MP: 3/3
   969 | D:1      | Found a faded altar of an unknown god.
  1276 | D:2      | Reached XP level 3. HP: 18/18 MP: 4/4
  1536 | D:2      | Reached skill level 5 in Ranged Weapons
  1787 | D:2      | Found Ymorugy's Book Shoppe.
  1984 | D:2      | Reached XP level 4. HP: 23/23 MP: 5/5
  3019 | D:3      | Found a faded altar of an unknown god.
  3022 | D:3      | Found a faded altar of an unknown god.
  3030 | D:3      | Reached XP level 5. HP: 27/27 MP: 6/6
  3030 | D:3      | Found a faded altar of an unknown god.
  3030 | D:3      | Found a hazy altar of Hepliaklqana.
  3085 | D:4      | Found an iron altar of Okawaru.
  3093 | D:4      | Reached skill level 6 in Ranged Weapons
  3304 | D:4      | Noticed an ogre
  3337 | D:4      | Killed an ogre
  3391 | D:4      | Noticed an orc warrior
  3457 | D:4      | Reached XP level 6. HP: 19/32 MP: 7/7
  3526 | D:4      | Slain by an orc

Illustrated notes

Levels and vault maps discovered:
D:1:      dpeg_arrival_round_c, layout_loops_ring,
          shapermc_ecumenical_altar_flowoftime, grunt_decor_resistance
D:2:      layout_basic, serial_shops, nicolae_shop_behind_doors
D:3:      minmay_skewed_foursquare, layout_rooms,
          nicolae_hepliaklqana_ecumenical_no_more
D:4:      layout_basic, okawaru_metal_pillars_3, general_overflow_altar,
          lemuel_round_altar, cheibrodos_gnoll_hut

Skill      XL: |  1  2  3  4  5 |
---------------+----------------+-----
Ranged Weapons | 5 6 |  6.6
Fighting       | 2 |  2.7
Dodging        | |  2.9
Stealth        | |  1.8

Action                   |  1- 3 |  4- 6 || total
-------------------------+-------+-------++-------
Melee: Dagger            |     4 |       ||     4
       Short sword       |       |     2 ||     2
 Fire: Shortbow          |   102 |   149 ||   251
  Use: Scroll            |       |     5 ||     5
Armor: Robe              |     8 |    11 ||    19
Dodge: Dodged            |    49 |    41 ||    90
